 Dungeon Crawl Stone Soup version 0.30.0-5-g1a98f26d00 (webtiles) character file.

Game seed: 18216832385248292826

191 Jase the Covered (level 5, 0/43 HPs)
             Began as a Minotaur Fighter on May 10, 2023.
             Was a Follower of Hepliaklqana.
             Slain by a scorpion (2 damage)
             ... on level 4 of the Dungeon.
             The game lasted 00:04:05 (2332 turns).

Jase the Covered (Minotaur Fighter)                 Turns: 2332, Time: 00:04:05

Health: 0/43       AC:  1    Str: 23    XL:     5   Next: 42%
Magic:  4/4        EV:  9    Int:  5    God:    Hepliaklqana [*.....]
Gold:   138        SH:  4    Dex:  9    Spells: 4/4 levels left

rFire   . . .        a - +0 flail
rCold   . . .        c - +0 buckler
rNeg    . . .        b - +0 scale mail
rPois   .            (helmet restricted)
rElec   .            r - +0 cloak
rCorr   .            (no gloves)
SInv    .            f - +0 pair of boots
Will    .....        (no amulet) Stlth
                     (no ring)
HPRegen 0.27/turn    (no ring)
MPRegen 0.09/turn

%: no passive effects
@: brilliant, lethally poisoned (0 -> -4), corroded
A: reduced essence, horns 2, retaliatory headbutt
a: Renounce Religion, Recall Ancestor, Ancestor Identity


You were on level 4 of the Dungeon.
You worshipped Hepliaklqana.
Hepliaklqana was aware of your devotion.
You visited 1 branch of the dungeon, and saw 4 of its levels.

You collected 138 gold pieces.

Inventory:

Hand Weapons
 a - a +0 flail (weapon)
Missiles
 g - 6 curare-tipped darts (quivered)
Armour
 b - a +0 scale mail (worn)
 c - a +0 buckler (worn)
 f - a +0 pair of boots (worn)
 r - a +0 cloak (worn)
Scrolls
 e - 4 scrolls of identify {unknown}
 j - a scroll of fear {unknown}
 n - a scroll of noise {unknown}
 o - a scroll of fog {unknown}
 p - a scroll of enchant armour {unknown}
 s - a scroll of vulnerability {unknown}
 t - a scroll of torment {unknown}
Potions
 d - 3 potions of might
 h - a potion of degeneration {unknown}
 i - a potion of brilliance
 k - a potion of mutation {unknown}
 l - a potion of berserk rage {unknown}
 m - a potion of attraction {unknown}
 q - a potion of heal wounds {unknown}


   Skills:
 + Level 5.2 Fighting
 + Level 4.4 Maces & Flails
 + Level 5.2 Armour
 - Level 3.6 Shields


You had 4 spell levels left.
You didn't know any spells.
Your spell library contained the following spells:

 Spells                   Type           Power      Damage    Failure   Level
 Freeze                   Ice            0%         1d3       83%         1
 Ensorcelled Hibernation  Hex/Ice        0%         N/A       93%         2
 Passwall                 Tmut/Erth      0%         N/A       93%         2
 Frozen Ramparts          Ice            0%         1d1       99%         3
 Hailstorm                Conj/Ice       0%         3d3       99%         3
 Swiftness                Air            0%         N/A       99%         3


Dungeon Overview and Level Annotations

Branches:
Dungeon (4/15)
 Temple: D:4-7

Altars:
Hepliaklqana
Qazlal

Shops:
D:2 *


Innate Abilities, Weirdness & Mutations

Your life essence is reduced to manifest your ancestor. (-10% HP)
You have a pair of horns on your head.
You reflexively headbutt those who attack you in melee.


Message History

You see here a bat skeleton.
You see here a staff of conjuration.
Done exploring.
Done exploring.
You swap places.
There is a stone staircase leading down here.
You climb downwards.
The jelly quivers.
Found a scroll labelled OTWUEHIUTAF.
There is a stone staircase leading up here.
You swap places.
The jelly closely misses you.
You hit the jelly.
Your hands burn!
The jelly is moderately wounded.
Zola barely misses the jelly.
The jelly barely misses you.
The scorpion stings you but does no damage.
You hit the jelly but do no damage.
Your hands burn!
The jelly is moderately wounded.
Zola completely misses the jelly.
The scorpion misses you. The jelly closely misses you.
You hit the jelly. The acid corrodes you!
Your hands burn!
The jelly is heavily wounded.
The scorpion stings you.
You are poisoned.
The scorpion poisons you!
Zola hits the jelly.
Zola is burned by acid!
The jelly hits you. The acid corrodes you!
You are splashed with acid!
The scorpion stings you.
You hit the jelly.
Your hands burn!
* * * LOW HITPOINT WARNING * * *
The jelly is almost dead.
You feel very sick.
Zola hits the jelly.
The jelly dies!
The scorpion stings you.
* * * LOW HITPOINT WARNING * * *
It was a potion of brilliance.
You feel clever all of a sudden.
* * * LOW HITPOINT WARNING * * *
You feel sick. The scorpion stings you.
You die...

...## ...♣ .....#
...? ......#####
....# .
......#..##....#
... ............#
....##..##.......
.......s.#...#
#.@R.<..#
##.......#
#..##....#
#.##.....# #.
.##...♣ #. ..
#..# ## .P ..♣
.♣♣ ...


You could see the friendly Zola the ancestor and a scorpion (ally target).

Vanquished Creatures
  An orc priest (D:3)
  Natasha (thrice) (D:2)
  2 adders
  A dart slug (D:3)
  3 orcs (D:3)
  2 ball pythons
  3 bats (D:3)
  7 endoplasms
  4 giant cockroaches
  2 hobgoblins
  A quokka (D:1)
  A goblin (D:1)
  4 kobolds
  A rat (D:2)
35 creatures vanquished.

Vanquished Creatures (collateral kills)
  A jelly (D:4)
1 creature vanquished.

Grand Total: 36 creatures vanquished

Notes
Turn   | Place    | Note
-------+----------+-------------------------------------------
     0 | D:1      | Jase the Minotaur Fighter began the quest for the Orb.
     0 | D:1      | Reached XP level 1. HP: 19/19 MP: 0/0
   423 | D:1      | Reached XP level 2. HP: 24/27 MP: 1/1
   790 | D:2      | Found a faded altar of an unknown god.
   832 | D:2      | Prayed at the altar of an unknown god.
   832 | D:2      | Became a worshipper of Hepliaklqana the Forgotten
   832 | D:2      | Reached * piety under Hepliaklqana
   836 | D:2      | Found Hotisieliu's Assorted Antiques.
   979 | D:2      | Noticed Natasha
   986 | D:2      | Killed Natasha
   987 | D:2      | Reached XP level 3. HP: 9/29 MP: 2/2
   994 | D:2      | Noticed Natasha
  1005 | D:2      | Killed Natasha
  1193 | D:2      | Reached XP level 4. HP: 36/36 MP: 3/3
  1591 | D:2      | Noticed Natasha
  1597 | D:2      | Killed Natasha
  1751 | D:3      | Reached skill level 5 in Armour
  1751 | D:3      | Reached XP level 5. HP: 26/42 MP: 4/4
  1814 | D:3      | Found the +7 staff of the Meek {protect, meekguard}
  1867 | D:3      | Reached skill level 5 in Fighting
  1916 | D:3      | Found a stormy altar of Qazlal.
  2332 | D:4      | HP: 2/43 [poisoned by a scorpion]
  2332 | D:4      | Slain by a scorpion

Illustrated notes

Levels and vault maps discovered:
D:1:      dpeg_arrival_erosion, layout_basic, kennysheep_pointless_box
D:2:      layout_loops_ring, serial_shops, shop,
          hellmonk_ecumenical_altar_pennies_from_heaven, uniq_natasha
D:3:      layout_basic, mainiacjoe_overflow_catwalk, pf_guarded_unrand_meek
D:4:      minmay_spotlight, layout_cave_pools, serial_forest,
          infiniplex_forest_straight_3, infiniplex_forest_clump_small,
          infiniplex_forest_straight_1, infiniplex_forest_lined_1,
          infiniplex_forest_fountain, infiniplex_forest_straight_1,
          infiniplex_forest_clump_long, infiniplex_forest_clump_long,
          infiniplex_forest_lined_3, infiniplex_forest_lined_4_way

Skill      XL: |  1  2  3  4  5 |
---------------+----------------+-----
Fighting       | 4 5 |  5.2
Maces & Flails | 3 4 |  4.4
Armour         | 4 5 |  5.2
Shields        | |  3.6

Action                     |  1- 3 |  4- 6 || total
---------------------------+-------+-------++-------
  Melee: Flail             |    32 |    46 ||    78
         Headbutt          |     6 |     5 ||    11
    Use: Potion            |       |     1 ||     1
 Armour: Scale mail        |    12 |    14 ||    26
  Dodge: Dodged            |    13 |    20 ||    33
  Block: Buckler           |     5 |    11 ||    16
